 Dungeon Crawl Stone Soup version 0.18.1-48-g4cf74bf (webtiles) character file.

72 KingGeedorah the Changer (level 4, 0/35 HPs)
             Began as a Draconian Transmuter on July 21, 2016.
             Succumbed to an adder's poison
             ... on level 3 of the Dungeon.
             The game lasted 00:04:21 (2104 turns).

KingGeedorah the Changer (Draconian Transmuter)     Turns: 2104, Time: 00:04:22

Health: 0/35       AC:  5    Str: 12    XL:     4   Next: 7%
Magic:  3/7        EV: 12    Int: 13    God:
Gold:   210        SH:  0    Dex: 13    Spells: 3 memorised, 1 level left

rFire  . . .     SeeInvis .       - Unarmed
rCold  . . .     Gourm    .     (armour unavailable)
rNeg   . . .     Faith    .     (no shield)
rPois  .         Spirit   .     (helmet restricted)
rElec  .         Dismiss  .     (no cloak)
rCorr  .         Reflect  .     (no gloves)
SustAt .         Harm     .     (no boots)
MR     .....                    (no amulet)
Stlth  +.........               (no ring)
                                (no ring)

@: lethally poisoned (0 -> -5), appendage (expiring), slowed, very slow, not
resistant to hostile enchantments, very unstealthy
A: unfitting armour, horns 2, cold-blooded, AC +5
a: End Transformation


You were on level 3 of the Dungeon.
You were hungry.
You had grown temporary horns.
You visited 1 branch of the dungeon, and saw 3 of its levels.

You collected 210 gold pieces.

Inventory:

Missiles
 a - 33 arrows
Jewellery
 f - an uncursed ring of positive energy {unknown}
 k - an uncursed amulet of magic regeneration {unknown}
 p - a cursed ring of loudness {unknown}
Scrolls
 d - a scroll of enchant armour
 g - a scroll of magic mapping
Potions
 e - 2 potions of haste {unknown}
 h - a potion of heal wounds {unknown}
 m - a potion of cure mutation {unknown}
 n - a potion of flight {unknown}
Books
 b - a book of Changes

   Spells                             Type                      Level
   a - Beastly Appendage              Transmutation                1
   b - Sticks to Snakes               Transmutation                2
   c - Spider Form                    Transmutation/Poison         3
   d - Ice Form                       Ice/Transmutation            4
   e - Blade Hands                    Transmutation                5
Comestibles
 c - 5 bread rations
 i - a chunk of flesh
 l - 2 slices of pizza


   Skills:
 - Level 1.1 Fighting
 - Level 1.7 Dodging
 - Level 3.0 Unarmed Combat
 - Level 2.0 Spellcasting
 + Level 4.4 Transmutations


You had one spell level left.
You knew the following spells:

 Your Spells              Type           Power        Failure   Level  Hunger
a - Beastly Appendage     Trmt           ##....       6%          1    ##.....
b - Sticks to Snakes      Trmt           ##......     10%         2    ###....
c - Spider Form           Trmt/Pois      #.........   34%         3    ####...


Dungeon Overview and Level Annotations

Branches:
Dungeon (3/15)

Altars:
Ashenzari
Dithmenos
Sif Muna
The Shining One

Annotations:
D:3 Natasha


Innate Abilities, Weirdness & Mutations

Your plain brown scales are hard (AC +5).
Your body does not fit into most forms of armour.
You are cold-blooded and may be slowed by cold attacks.
You have a pair of horns on your head.


Message History

Natasha mumbles some strange words.
You feel disoriented. Natasha claws you.
You completely miss Natasha. Your punch misses Natasha.
Natasha is moderately wounded.
You feel sick.
Natasha stares at you and mumbles some strange words.
You feel yourself slow down.
You hit Natasha.
Natasha is severely wounded.
Your transformation is almost over.
You feel sick. Natasha claws you!
* * * LOW HITPOINT WARNING * * *
You barely miss Natasha.
Natasha is severely wounded.
Natasha claws you.
* * * LOW HITPOINT WARNING * * *
Natasha completely misses you.
Unknown command.
You die...

.# .# .# .# ### .. ..# .#
#.# # ## #.# ######....
#######.########..h55....
................@####...#
####.....>....######## #
# #.##.#####......... #
#.##.# #.######## #
#.##.# #.# # #.##.# #.# #
#.##.#####.# #
#.##.......# #
#.########.#


You could see Natasha, a crimson imp and a shadow imp.

Vanquished Creatures
  2 adders
  A worm (D:2)
  A dart slug (D:1)
  An orc (D:3)
  9 bats
  A giant cockroach (D:2)
  7 goblins
  8 hobgoblins
  4 jackals (D:1)
  7 kobolds
  A ball python (D:1)
  4 giant newts
  6 rats
52 creatures vanquished.

Notes
Turn   | Place    | Note
--------------------------------------------------------------
     0 | D:1      | KingGeedorah the Draconian Transmuter began the quest for the Orb.
     0 | D:1      | Reached XP level 1. HP: 16/16 MP: 3/3
   111 | D:1      | Reached XP level 2. HP: 20/23 MP: 5/5
   135 | D:1      | Reached skill level 3 in Transmutations
   319 | D:1      | Learned a level 2 spell: Sticks to Snakes
   712 | D:1      | Reached XP level 3. HP: 17/28 MP: 6/6
   902 | D:1      | Learned a level 3 spell: Spider Form
  1372 | D:2      | Reached skill level 4 in Transmutations
  1463 | D:2      | Found a shattered altar of Ashenzari.
  1587 | D:2      | Found a shadowy altar of Dithmenos.
  1639 | D:2      | Found a deep blue altar of Sif Muna.
  1640 | D:2      | Found a glowing golden altar of the Shining One.
  2082 | D:3      | Noticed Natasha
  2098 | D:3      | Reached XP level 4. HP: 23/35 MP: 2/7
  2103 | D:3      | HP: 1/35 [Natasha (3)]
  2104 | D:3      | Succumbed to an adder's poison

Skill      XL: |  1  2  3 |
---------------+----------+-----
Transmutations | 3 4 |  4.4
Fighting       | |  1.1
Dodging        | |  1.7
Unarmed Combat | |  3.0
Spellcasting   | |  2.0

Action                   |  1- 3 |  4- 6 || total
-------------------------+-------+-------++-------
Melee: Unarmed           |   208 |     5 ||   213
       Kick              |     3 |       ||     3
       Tailslap          |     9 |     1 ||    10
       Punch             |     4 |       ||     4
       Headbutt          |       |     1 ||     1
 Cast: Beastly Appendage |     2 |       ||     2
       Spider Form       |     2 |       ||     2
       Sticks to Snakes  |     2 |       ||     2
  Use: Scroll            |     5 |       ||     5
 Stab: Sleeping          |     1 |       ||     1
  Eat: Chunk             |     4 |       ||     4
Armor: Skin              |    64 |       ||    64
Dodge: Dodged            |   135 |     1 ||   136
